 Dungeon Crawl Stone Soup version 0.21.1-1-g345015f (webtiles) character file.

341 sking99 the Shooter (level 6, -1/48 HPs)
             Began as a Centaur Arcane Marksman on July 1, 2018.
             Killed by divine providence
             ... invoked by an orc priest
              (15 damage)
             ... on level 4 of the Dungeon.
             The game lasted 00:15:07 (5498 turns).

sking99 the Shooter (Centaur Arcane Marksman)       Turns: 5498, Time: 00:15:08

Health: -1/48      AC:  5    Str: 13    XL:     6   Next: 30%
Magic:  6/9        EV:  9    Int: 13    God:
Gold:   202        SH:  0    Dex: 10    Spells: 5/9 levels left

rFire    . . .     SeeInvis .   a - +0 shortbow
rCold    . . .     Gourm    .   (shield currently unavailable)
rNeg     . . .     Faith    .   e - +0 robe
rPois    .         Spirit   .   (no helmet)
rElec    .         Reflect  .   p - +0 cloak
rCorr    .         Harm     .   (no gloves)
MR       .....                  (no barding)
Stlth    +.........             (no amulet)
HPRegen  0.16/turn              (no ring)
MPRegen  0.11/turn              (no ring)

@: very slightly contaminated, very quick
A: large, hooves 3, deformed body, speed 2, tough skin 3
a: no special abilities


You were on level 4 of the Dungeon.
You were hungry.

You visited 1 branch of the dungeon, and saw 4 of its levels.

You collected 202 gold pieces.

Inventory:

Hand Weapons
 a - a +0 shortbow (weapon)
 b - a +2 dagger of venom
Missiles
 d - 2 arrows (quivered)
Armour
 e - a +0 robe (worn)
 p - a +0 cloak (worn)
Wands
 m - a wand of polymorph (13)
Scrolls
 g - a scroll of fog {unknown}
 i - 2 scrolls of remove curse {unknown}
 k - 4 scrolls of identify {unknown}
 n - a scroll of enchant weapon {unknown}
 o - 2 scrolls of amnesia {unknown}
Potions
 h - a potion of magic {unknown}
 j - a potion of curing
 l - 4 potions of might
 q - a potion of lignification {unknown}
 s - a potion of heal wounds {unknown}
 t - a potion of degeneration {unknown}
 u - 3 potions of mutation {unknown}
Books
 c - a book of Debilitation

   Spells                             Type                      Level
   a - Corona                         Hexes                        1
   b - Slow                           Hexes                        2
   c - Inner Flame                    Hexes/Fire                   3
   d - Portal Projectile              Hexes/Translocation          3
   e - Cause Fear                     Hexes                        4
   f - Leda's Liquefaction            Hexes/Earth                  4
Comestibles
 f - 6 rations


   Skills:
 - Level 2.0 Fighting
 + Level 5.9 Bows
 - Level 1.3 Dodging
 - Level 2.0 Spellcasting
 + Level 3.7 Hexes
 - Level 2.0 Translocations


You had 5 spell levels left.
You knew the following spells:

 Your Spells              Type           Power        Failure   Level  Hunger
a - Corona                Hex            ##.....      5%          1    ##.....
b - Portal Projectile     Hex/Tloc       #.....       22%         3    ####...


Dungeon Overview and Level Annotations

Branches:
Dungeon (4/15)
 Temple: D:4-7

Altars:
The Shining One

Annotations:
D:4 sking99's ghost, amateur FoAK


Innate Abilities, Weirdness & Mutations

You have hooves in place of feet.
Armour fits poorly on your strangely shaped body.
You cover ground very quickly.
You have extremely tough skin. (AC +3)


Message History

Casting: Portal Projectile
Confirm with . or Enter, or press ? or * to list all spells.
You miscast Portal Projectile.
You are very lightly contaminated with residual magic.
You feel off-balance for a moment.
You are feeling hungry.
The hound stops to sniff the ground.
The hound barely misses you. The hound bites you. Sking99's ghost hits you!
The orc wizard hits you but does no damage.
The hound bites you.
An orc comes into view. It is wielding a morningstar.
The orc wizard points at you and mumbles some strange words.
The magic dart hits you!
* * * LOW HITPOINT WARNING * * *
An orc priest comes into view.
It is wielding a short sword of holy wrath.
The orc priest shouts!
The orc priest mumbles some strange prayers to Beogh against you.
Beogh smites you!
You die...

♣...♣ ####..#####...##
###'#######'###.######
.o'.....(........#
..#..............#
..#..............#
########.##(.o..##############+##
###...##.##.....##....##....##...
+..............o..W..............
#...............@h.h.............
#.................o..............
##...#############[.####.##.##<..
##...###......####.)####.########
..............#...........#
..............#...........#
..............#...........#
...(..........#...........#
...#..#...>.#..#.##'####.##


You could see 2 hounds, an orc priest, an orc wizard, sking99's ghost and an
orc.

Vanquished Creatures
  An ogre (D:4)
  An orc priest (D:4)
  Natasha (D:2)
  An orc wizard (D:3)
  A worker ant (D:4)
  5 adders
  2 oozes
  3 worms
  2 dart slugs (D:1)
  2 leopard geckos
  6 orcs
  A ball python (D:1)
  6 bats
  2 giant cockroaches
  12 goblins
  9 hobgoblins
  13 jackals
  6 kobolds
  2 frilled lizards (D:2)
  5 rats
81 creatures vanquished.

Notes
Turn   | Place    | Note
-------+----------+-------------------------------------------
     0 | D:1      | sking99 the Centaur Arcane Marksman began the quest for the Orb.
     0 | D:1      | Reached XP level 1. HP: 16/16 MP: 2/2
   142 | D:1      | Reached skill level 3 in Bows
   223 | D:1      | Reached XP level 2. HP: 23/23 MP: 3/3
   393 | D:1      | Reached skill level 4 in Bows
   474 | D:1      | Reached XP level 3. HP: 29/29 MP: 1/4
   706 | D:1      | Learned a level 3 spell: Portal Projectile
  1580 | D:2      | Reached XP level 4. HP: 36/36 MP: 3/5
  2202 | D:2      | Noticed Natasha
  2219 | D:2      | Killed Natasha
  2219 | D:2      | Reached skill level 5 in Bows
  2219 | D:2      | Reached skill level 1 in Translocations
  3369 | D:3      | Reached XP level 5. HP: 41/41 MP: 3/7
  4206 | D:4      | Noticed an ogre
  4262 | D:4      | Killed an ogre
  4262 | D:4      | Reached XP level 6. HP: 17/48 MP: 0/9
  4446 | D:4      | Noticed sking99's ghost (amateur FoAK)
  5461 | D:4      | Found a glowing golden altar of the Shining One.
  5498 | D:4      | Killed from afar by an orc priest

Skill      XL: |  1  2  3  4  5  6 |
---------------+-------------------+-----
Bows           | 3 4 5 |  5.9
Fighting       | 2 |  2.0
Hexes          | 3 |  3.7
Translocations | 1 2 |  2.0
Spellcasting   | 2 |  2.0
Dodging        | |  1.3

Action                   |  1- 3 |  4- 6 || total
-------------------------+-------+-------++-------
Melee: Unarmed           |     8 |       ||     8
       Kick              |     1 |       ||     1
 Fire: Shortbow          |   144 |   190 ||   334
 Cast: Corona            |    14 |    26 ||    40
       Portal Projectile |       |     2 ||     2
  Use: Potion            |       |     2 ||     2
  Eat: Chunk             |     2 |     7 ||     9
       Ration            |       |     1 ||     1
Armor: Robe              |    27 |    29 ||    56
Dodge: Dodged            |    32 |    51 ||    83
